 Dungeon Crawl Stone Soup version 0.27-a0-1202-ge72e49191c (webtiles) character file.

Game seed: 18193975000424310049

58 polve the Cutter (level 3, -1/31 HPs)
             Began as a Demonspawn Abyssal Knight on June 4, 2021.
             Was a Follower of Lugonu.
             Killed from afar by Sigmund (6 damage)
             ... with a magic dart
             ... on level 3 of the Dungeon.
             The game lasted 00:01:38 (2198 turns).

polve the Cutter (Demonspawn Abyssal Knight)        Turns: 2198, Time: 00:01:39

Health: -1/31      AC:  3    Str: 12 (13) XL:     3   Next: 76%
Magic:  4/4        EV: 16    Int:  9 (11) God:    Lugonu [*.....]
Gold:   147        SH:  0    Dex:  9 (12) Spells: 2/2 levels left

rFire    . . .     SeeInvis .   a - +1 short sword
rCold    . . .     Faith    .   (no shield)
rNeg     . . .     Spirit   .   b - +0 leather armour
rPois    .         Reflect  .   (no helmet)
rElec    .         Harm     .   (no cloak)
rCorr    .         Rampage  .   (no gloves)
Will     .....                  (no boots)
Stlth    +.........             (no amulet)
HPRegen  0.10/turn              (no ring)
MPRegen  0.09/turn              (no ring)

@: agile, attractive, hasted, very quick
A: powered by pain 1, dopey 1, low mp 1, sense surroundings 1, robust 1
a: Renounce Religion, Depart the Abyss


You were on level 3 of the Dungeon.
You worshipped Lugonu.
Lugonu was aware of your devotion.
You visited 1 branch of the dungeon, and saw 3 of its levels.
You visited the Abyss 1 time.

You collected 147 gold pieces.

Inventory:

Hand Weapons
 a - a +1 short sword (weapon)
Armour
 b - a +0 leather armour (worn)
Wands
 m - a wand of charming (2)
Scrolls
 c - 3 scrolls of fear {unknown}
 g - a scroll of teleportation {unknown}
 i - 2 scrolls of immolation {unknown}
 j - a scroll of identify {unknown}
 k - a scroll of enchant armour {unknown}
 l - a scroll of enchant weapon {unknown}


   Skills:
 - Level 3.0 Fighting
 + Level 3.8 Short Blades
 - Level 1.7 Armour
 - Level 0.8 Dodging
 - Level 2.4 Invocations


You had 2 spell levels left.
You didn't know any spells.
Your spell library contained the following spells:

 Spells                   Type           Power      Damage    Failure   Level
 Corona                   Hex            0%         N/A       45%         1
 Ensorcelled Hibernation  Hex/Ice        0%         N/A       61%         2
 Confusing Touch          Hex            0%         N/A       83%         3
 Dazzling Flash           Conj/Hex       0%         N/A       83%         3
 Tukima's Dance           Hex            0%         N/A       83%         3


Dungeon Overview and Level Annotations

Branches:
Dungeon (3/15)

Altars:
The Shining One

Annotations:
D:3 Sigmund


Innate Abilities, Weirdness & Mutations

You sometimes gain a little power by taking damage.
You are dopey. (Int -2)
Your magical capacity is low. (-10% MP)
You passively map a small area around you.
You are robust. (+10% HP)


Message History

You lose the ability to read scrolls when threatened.
You feel a little pissed off.
Really quaff the potion of mutation?
You feel extremely strange.
You can once more read scrolls while threatened.
You feel a little more calm.
You feel robust.
You feel stupid.
You feel less energetic.
You feel a strange attunement to the structure of the dungeons.
It was a potion of degeneration.
There was something very wrong with that liquid.
You feel weakened.
You feel dopey.
You feel clumsy. Sigmund closely misses you.
It was a potion of curing.
You feel better. Sigmund misses you.
It was a potion of attraction.
You feel attractive to monsters. Sigmund closely misses you.
Sigmund is pulled toward you!
It was a potion of haste.
You feel yourself speed up.
Sigmund points at you and mumbles some strange words.
The puff of flame hits you!
You hit Sigmund.
Sigmund is lightly wounded.
Sigmund hits you with a +0 scythe!
You closely miss Sigmund.
Sigmund is lightly wounded.
You hit Sigmund.
Sigmund is moderately wounded.
Sigmund hits you with a +0 scythe!
* * * LOW HITPOINT WARNING * * *
You focus on the pain.
You feel agile all of a sudden.
You hit Sigmund but do no damage.
Sigmund is moderately wounded.
You hit Sigmund.
Sigmund is moderately wounded.
Sigmund barely misses you.
You closely miss Sigmund.
Sigmund is moderately wounded.
Sigmund casts a spell at you. The magic dart hits you.
You die...

#.################
* #...............
, ########....####
#....# , #....#
#..).# * #....#
######....###*
*#...@@........ ,
............####
............#
............#
............# *
............# ,
.....##.##.## *
..... ... .. , *


You could see Sigmund.

Vanquished Creatures
  An adder (D:2)
  A dart slug (D:1)
  An orc (D:2)
  4 endoplasms
  A giant cockroach (D:2)
  2 goblins (D:1)
  4 hobgoblins
  8 jackals (D:1)
  5 quokkas
  2 ball pythons (D:1)
  2 bats (D:2)
  3 kobolds (D:1)
  6 rats
40 creatures vanquished.

Vanquished Creatures (others)
  2 plants (D:2)
2 creatures vanquished.

Grand Total: 42 creatures vanquished

Notes
Turn   | Place    | Note
-------+----------+-------------------------------------------
     0 | Abyss:1  | polve the Demonspawn Abyssal Knight began the quest for the
                  | Orb.
     0 | Abyss:1  | Reached XP level 1. HP: 18/18 MP: 2/2
    51 | Abyss:1  | Found a corrupted altar of Lugonu.
    60 | Abyss:1  | Noticed a lich
    61 | D:1      | Escaped the Abyss
   217 | D:1      | Reached * piety under Lugonu
   330 | D:1      | Gained mutation: You sometimes gain a little power by
                  | taking damage. [demonic ancestry]
   330 | D:1      | Reached XP level 2. HP: 23/24 MP: 3/3
   911 | D:1      | Reached XP level 3. HP: 29/29 MP: 4/4
  1257 | D:2      | Found a faded altar of an unknown god.
  2185 | D:3      | Noticed Sigmund
  2187 | D:3      | Gained mutation: You sometimes lose the ability to read
                  | scrolls when taking damage. [potion of mutation]
  2187 | D:3      | Gained mutation: You tend to lose your temper in combat.
                  | [potion of mutation]
  2188 | D:3      | Lost mutation: You sometimes lose the ability to read
                  | scrolls when taking damage. [potion of mutation]
  2188 | D:3      | Lost mutation: You tend to lose your temper in combat.
                  | [potion of mutation]
  2188 | D:3      | Gained mutation: You are robust. (+10% HP) [potion of
                  | mutation]
  2188 | D:3      | Gained mutation: You are dopey. (Int -2) [potion of
                  | mutation]
  2188 | D:3      | Gained mutation: Your magical capacity is low. (-10% MP)
                  | [potion of mutation]
  2188 | D:3      | Gained mutation: You passively map a small area around you.
                  | [potion of mutation]
  2198 | D:3      | Killed from afar by Sigmund

Illustrated notes

Levels and vault maps discovered:
D:1:      minmay_arrival_loop, layout_loops_corners
D:2:      wad_lake_hut, layout_basic, hellmonk_ecumenical_altar_lost_god
D:3:      layout_basic, nicolae_overflow_crystal_walls, amcnicky_altar_gilded,
          minmay_misc_feat_alley, uniq_sigmund, uniq_robin

Skill      XL: |  1  2 |
---------------+-------+-----
Short Blades   | 2 3 |  3.8
Fighting       | |  3.0
Armour         | |  1.7
Dodging        | |  0.8
Invocations    | |  2.4

Action                   || total
-------------------------++-------
Melee: Short sword       ||   150
Invok: Depart the Abyss  ||     1
  Use: Potion            ||     6
 Stab: Sleeping          ||     1
Armor: Leather armour    ||    35
Dodge: Dodged            ||    91

Table legend: (Time is in decaauts)
 A = Elapsed time spent in this place.
 B = Non-inter-level travel time spent in this place.
 C = Inter-level travel time spent in this place.
 D = Time resting spent in this place.
 E = Time spent auto-exploring this place.
 F = Levels seen in this place.
 G = Mean time per level.
                   A        B        C        D        E       F      G
               +--------+--------+--------+--------+--------+-----+--------+
         Total |   2228 |   2170 |     58 |      0 |   1892 |   4 |  557.0 |
       Dungeon |   2163 |   2105 |     58 |      0 |   1828 |   3 |  721.0 |
         Abyss |     64 |     64 |      0 |      0 |     63 |   1 |   64.0 |
               +--------+--------+--------+--------+--------+-----+--------+

Top non-repeatable levels by time:
     D:1: 1179 daAuts
     D:2: 681 daAuts
     D:3: 302 daAuts
 Abyss:1: 64 daAuts
